 Dungeon Crawl Stone Soup version 0.26.0-10-g1f06aea511 (webtiles) character file.

Game seed: 9856956562267125950

179 Amaterasu the Grave Robber (level 5, 23/44 HPs)
             Began as a Deep Dwarf Necromancer on Feb 6, 2021.
             Quit the game on level 4 of the Dungeon.
             The game lasted 00:10:46 (3252 turns).

Amaterasu the Grave Robber (Deep Dwarf Necromancer) Turns: 3252, Time: 00:10:47

Health: 23/44      AC:  4    Str: 11    XL:     5   Next: 32%
Magic:  9/9        EV: 12    Int: 24    God:
Gold:   132        SH:  0    Dex: 10    Spells: 5/10 levels left

rFire    . . .     SeeInvis .   b - +1 whip (flame)
rCold    . . .     Faith    .   (no shield)
rNeg     + + .     Spirit   .   a - +0 robe
rPois    .         Reflect  .   (no helmet)
rElec    .         Harm     .   (no cloak)
rCorr    .         Rampage  .   (no gloves)
Will     .....                  i - +1 pair of boots {run}
Stlth    ++........             c - amulet of the acrobat
HPRegen  0.00/turn              l - ring "Ocomoxku" {+Inv rN+ Int+7 Dex-3 Slay-5}
MPRegen  0.11/turn              j - ring of positive energy

@: non-regenerating, quick
A: damage resistance, heal wounds, sense surroundings 1, no regeneration
a: Heal Wounds, Evoke Invisibility


You were on level 4 of the Dungeon.
You visited 1 branch of the dungeon, and saw 4 of its levels.

You collected 132 gold pieces.

Inventory:

Hand Weapons
 b - a +1 whip of flaming (weapon)
Armour
 a - a +0 robe (worn)
 i - a +1 pair of boots of running (worn)
Jewellery
 c - an amulet of the acrobat (around neck)
 d - an uncursed ring of resist corrosion
 f - an uncursed ring of protection from fire
 j - a ring of positive energy (right hand)
 l - the ring "Ocomoxku" (left hand) {+Inv rN+ Int+7 Dex-3 Slay-5}
   (You found it on level 4 of the Dungeon)

   [ring of positive energy]

   It affects your intelligence (+7).
   It affects your dexterity (-3).
   It affects your accuracy and damage with ranged weapons and melee attacks
   (-5).
   It protects you from negative energy.
   It lets you turn invisible.
Scrolls
 e - 2 scrolls of remove curse
 g - a scroll of identify
Potions
 h - a potion of might
 k - 3 potions of heal wounds
 m - a potion of resistance
 n - a potion of lignification
 p - a potion of curing


   Skills:
 * Level 1.1 Fighting
 * Level 1.4 Maces & Flails
 - Level 2.1 Dodging
 - Level 2.4 Stealth
 * Level 3.0 Spellcasting
 * Level 5.9 Necromancy


You had 5 spell levels left.
You knew the following spells:

 Your Spells              Type           Power        Failure   Level
a - Pain                  Necr           100%         1%          1
b - Animate Skeleton      Necr           64%          1%          1
c - Vampiric Draining     Necr           16%          2%          3

Your spell library contained the following spells:

 Spells                   Type           Power        Failure   Level
 Animate Dead             Necr           16%          10%         4
 Agony                    Necr           32%          26%         5


Dungeon Overview and Level Annotations

Branches:
Dungeon (4/15)
 Temple: D:4-7

Altars:


Innate Abilities, Weirdness & Mutations

You are resistant to damage.
You can heal yourself by infusing magical energy.
You passively map a small area around you.
You do not regenerate.


Message History

Where to? (Enter - D:3, ? - help)
What level of the Dungeon? (default 1, ? - help)
Your surroundings suddenly seem different.
(D) Dungeon
Where to? (Enter - D:4, ? - help)
There is an open door here.
There is a stone staircase leading down here.
You climb downwards.
Found a scroll of remove curse, a slimy silver ring and 7 gold pieces.
There is a stone staircase leading up here.
No target in view!
Found an escape hatch in the ceiling.
Found a scroll labelled RIYHOE LUNEDUISCH.
l - a slimy silver ring You're wearing all the rings you can.
Remove which one? (? for menu, Esc to quit)
You remove your ring of resist corrosion.
You feel clever.
You feel clumsy.
l - the ring "Ocomoxku" (left hand) {+Inv rN+ Int+7 Dex-3 Slay-5} Are you sure you want to abandon this character and quit the game? (Confirm with "yes".)

, ...#..#
##..........## , ,
#?...........## *
..............# ,,
..............#####
...............?..#
** ............<.#
* * *
..............# * ,
#......@.....## * *
##..........##
#####.....## * * ,
*.<....$... , *
#............ , * *
* #............# ,
............... ,,
, ..............# ,
, < *


There were no monsters in sight!

Vanquished Creatures
  8 gnolls
  4 adders
  A dart slug (D:3)
  2 leopard geckos (D:2)
  An orc (D:3)
  4 giant cockroaches
  7 goblins
  9 hobgoblins
  8 kobolds
  A quokka (D:3)
  2 ball pythons
  8 bats
  5 frilled lizards
  3 rats (D:1)
63 creatures vanquished.

Vanquished Creatures (collateral kills)
  A goblin (D:3)
1 creature vanquished.

Grand Total: 64 creatures vanquished

Notes
Turn   | Place    | Note
-------+----------+-------------------------------------------
     0 | D:1      | Amaterasu the Deep Dwarf Necromancer began the quest for
                  | the Orb.
     0 | D:1      | Reached XP level 1. HP: 15/15 MP: 3/3
   250 | D:1      | Reached XP level 2. HP: 11/22 MP: 1/5
   274 | D:1      | Learned a level 1 spell: Animate Skeleton
   391 | D:1      | Reached skill level 5 in Necromancy
   518 | D:1      | Identified a +0 pair of boots of running (You found it on
                  | level 1 of the Dungeon)
   717 | D:1      | Reached XP level 3. HP: 14/28 MP: 0/6
   721 | D:1      | Learned a level 3 spell: Vampiric Draining
   909 | D:1      | HP: 1/28 [gnoll (3)]
  1031 | D:1      | Reached XP level 4. HP: 8/36 MP: 0/8
  2256 | D:3      | Reached skill level 1 in Fighting
  2282 | D:3      | Reached skill level 1 in Maces & Flails
  2282 | D:3      | Reached XP level 5. HP: 34/44 MP: 0/9
  3249 | D:4      | Got a slimy silver ring
  3251 | D:4      | Identified the ring "Ocomoxku" {+Inv rN+ Int+7 Dex-3
                  | Slay-5} (You found it on level 4 of the Dungeon)
  3252 | D:4      | Quit the game

Illustrated notes

Levels and vault maps discovered:
D:1:      onia_arrival_pyramid, layout_loops_ring
D:2:      layout_basic
D:3:      layout_loops_corners, st_stairs_11
D:4:      layout_rooms, lemuel_crystal_altar, minmay_temple_entry_stoned_glass,
          uniq_blork_the_orc

Skill      XL: |  1  2  3  4 |
---------------+-------------+-----
Spellcasting   | 2 3 |  3.0
Necromancy     | 5 |  5.9
Fighting       | 1 |  1.1
Maces & Flails | 1 |  1.4
Dodging        | |  2.1
Stealth        | |  2.4

Action                   |  1- 3 |  4- 6 || total
-------------------------+-------+-------++-------
Melee: Whip              |    28 |    67 ||    95
 Cast: Pain              |    32 |     6 ||    38
       Animate Skeleton  |     4 |     2 ||     6
       Vampiric Draining |     3 |    23 ||    26
  Use: Potion            |     3 |       ||     3
       Scroll            |       |     7 ||     7
 Stab: Sleeping          |     1 |       ||     1
Armor: Robe              |     7 |    10 ||    17
Dodge: Dodged            |    30 |    75 ||   105
